 Dungeon Crawl Stone Soup version 0.31-a0-486-g8d68a81214 (webtiles) character file.

Game seed: 14776996312767613081

1619 CraigForest the Slasher (level 8, -11/59 HPs)
             Began as a Demigod Shapeshifter on Aug 7, 2023.
             Mangled by an ice beast (14 damage)
             ... on level 6 of the Dungeon.
             The game lasted 00:19:16 (5450 turns).

CraigForest the Slasher (Demigod Shapeshifter)      Turns: 5450, Time: 00:19:17

Health: -11/59     AC: 11    Str: 16    XL:     8   Next: 37%
Magic:  0/10       EV:  9    Int: 10    God:
Gold:   297        SH: 14    Dex: 18    Spells: 7/7 levels left

rFire   + . .        t - +7 falchion of Royalism {vamp, Fly rElec rN+ Str-4}
rCold   . . .        D - +1 tower shield
rNeg    + . .        b - +2 chain mail {Will+}
rPois   .            (helmet currently unavailable)
rElec   +            (cloak currently unavailable)
rCorr   .            (gloves currently unavailable)
SInv    .            (boots currently unavailable)
Will    +....        r - amulet of guardian spirit Stlth
                     i - ring of protection from fire
HPRegen 0.29/turn    s - +5 ring of evasion
MPRegen 0.12/turn

%: guardian spirit
@: mighty, beast-form, weakened, flying
A: beast (slay +3), high MP 1, forlorn, divine attributes
a: Begin Untransformation


You were on level 6 of the Dungeon.
You were a hulking beast.
You visited 1 branch of the dungeon, and saw 6 of its levels.

You collected 297 gold pieces.

Inventory:

Hand Weapons
 o - a +0 quarterstaff
 t - the +7 falchion of Royalism (weapon) {vamp, Fly rElec rN+ Str-4}
   (You found it on level 3 of the Dungeon)

   Str:       It affects your strength (-4).
   rElec:     It insulates you from electricity.
   rN:        It protects you from negative energy.
   Fly:       It grants you flight.
Missiles
 z - 2 throwing nets
Armour
 a - a +0 animal skin
 b - a +2 chain mail of willpower (worn)
 d - a +0 helmet
 e - a +0 pair of gloves
 j - a +0 ring mail
 n - a +2 helmet
 D - a +1 tower shield (worn)
Jewellery
 i - a ring of protection from fire (left hand)
 r - an amulet of guardian spirit (around neck)
 s - a +5 ring of evasion (right hand)
Talismans
 c - a beast talisman (active)
Wands
 w - a wand of polymorph (11)
 C - a wand of acid (13)
 E - a wand of flame (6)
Scrolls
 k - a scroll of silence
 m - a scroll of teleportation
 p - 2 scrolls of identify
 u - 4 scrolls of noise
 y - a scroll of poison
Potions
 f - a potion of degeneration
 g - 3 potions of berserk rage
 h - 2 potions of might
 l - 3 potions of curing
 A - 2 potions of brilliance


   Skills:
 - Level 1.0 Fighting
 + Level 5.4 Long Blades
 + Level 3.4 Armour
 + Level 2.9 Dodging
 + Level 1.4 Shields
 + Level 4.7 Unarmed Combat
 * Level 5.3 Shapeshifting


You had 7 spell levels left.
You didn't know any spells.
Your spell library contained the following spells:

 Spells                   Type           Power      Damage    Failure   Level
 Freeze                   Ice            0%         1d3       100%        1
 Magic Dart               Conj           0%         1d3       100%        1
 Shock                    Conj/Air       0%         1d3       100%        1
 Call Imp                 Summ           0%         N/A       100%        2
 Frozen Ramparts          Ice            0%         1d1       100%        3
 Hailstorm                Conj/Ice       0%         3d3       100%        3
 Mephitic Cloud           Conj/Pois/Air  0%         N/A       100%        3
 Swiftness                Air            0%         N/A       100%        3
 Airstrike                Air            0%         2d(0-16)  100%        4


Dungeon Overview and Level Annotations

Branches:
Dungeon (6/15)             Temple (0/1) D:4


Innate Abilities, Weirdness & Mutations

You are a hulking beast.
Your limbs bulge with bestial killing power. (Slay +3)
You have an increased reservoir of magic. (+10% MP)
You shall have no god before yourself.
Your divine heritage dramatically boosts your attributes as you level up.


Message History

The howler monkey hoots and howls with incredible vigour!
The gnoll hits you from afar with a +0 spear.
* * * LOW HITPOINT WARNING * * *
The howler monkey hits you but does no damage.
You block the gnoll's attack.
The gnoll bouda gazes fiercely through you!
You feel as though you will be weak longer.
You block the gnoll bouda's attack.
A wight comes into view. It is wielding a +3 spear.
You barely miss the gnoll bouda.
The gnoll bouda is moderately wounded.
You block the howler monkey's attack. You block the gnoll's attack.
The howler monkey hits you but does no damage.
You slash the howler monkey!
You feel better.
The howler monkey is severely wounded.
The gnoll hits you but does no damage.
The howler monkey hits you but does no damage.
The gnoll hits you from afar with a +0 spear.
* * * LOW HITPOINT WARNING * * *
The howler monkey hoots and howls with incredible vigour!
You closely miss the howler monkey.
The howler monkey is severely wounded.
The gnoll bouda gazes fiercely through you!
You feel as though you will be weak longer.
You block the ice beast's attack. You block the howler monkey's attack.
The gnoll hits you but does no damage. The ice beast hits you.
* * * LOW HITPOINT WARNING * * *
The ice beast freezes you!
* * * LOW HITPOINT WARNING * * *
You hit the howler monkey.
You feel better.
The howler monkey is almost dead.
The howler monkey misses you. The gnoll closely misses you.
You block the ice beast's attack. You block the howler monkey's attack.
The gnoll hits you but does no damage.
You closely miss the howler monkey.
The howler monkey is almost dead.
The ice beast hits you.
* * * LOW HITPOINT WARNING * * *
The ice beast freezes you!
You die...

# #.###...# +#
#.#####.......#
..#...........### #.#
............## #.#
#.#.##..###.#######.#
#.#. #..#
#.#...>.#.### ..(
#..# #.#.....#.#.#
#z##..# #.#...|.#.#.#


#ggYh.# #.#.........# #g##)h..#............ ..g #g##.#####.......# ...#h #o# .#
#####.#.. .?.#.#o ..# # #.#.# .. $ .. #.. #.#.# # # #. #.. #.#.# .. ... #.#..
#.### You could see an ice beast, a gnoll bouda, a howler monkey, a wight, 3
gnolls and an orc.

Vanquished Creatures
  A water moccasin (D:5)
  2 black bears (D:6)
  4 ogres
  4 scorpions
  A bullfrog (D:6)
  A hound (D:5)
  A jelly (D:4)
  3 orc priests
  Ijyb (D:5)
  A sleepcap (D:5)
  Terence (D:2)
  5 iguanas
  2 orc wizards
  Robin (D:2)
  4 adders
  6 gnolls
  A shadow imp (D:6)
  An ufetubus (D:4)
  2 worms
  5 dart slugs
  25 orcs
  7 ball pythons
  8 endoplasms
  9 giant cockroaches
  16 goblins
  8 hobgoblins
  4 jackals (D:4)
  10 kobolds
  2 quokkas (D:4)
  9 bats
  6 frilled lizards
  11 rats
162 creatures vanquished.

Notes
Turn   | Place    | Note
-------+----------+-------------------------------------------
     0 | D:1      | CraigForest the Demigod Shapeshifter began the quest for
                  | the Orb.
     0 | D:1      | Reached XP level 1. HP: 15/15 MP: 3/3
   113 | D:1      | Reached XP level 2. HP: 22/22 MP: 4/4
   434 | D:1      | Reached skill level 1 in Fighting
   601 | D:1      | Reached XP level 3. HP: 28/28 MP: 5/5
  1213 | D:2      | Noticed Robin
  1213 | D:2      | Noticed Terence
  1240 | D:2      | Killed Terence
  1244 | D:2      | Reached XP level 4. HP: 35/35 MP: 6/6
  1249 | D:2      | Killed Robin
  2256 | D:3      | Identified the +7 falchion of Royalism {vamp, Fly rElec rN+
                  | Str-4}
  2338 | D:3      | Reached XP level 5. HP: 21/40 MP: 7/7
  2773 | D:3      | Reached skill level 1 in Armour
  3242 | D:4      | Reached skill level 1 in Long Blades
  3255 | D:4      | Reached XP level 6. HP: 46/47 MP: 4/8
  3667 | D:4      | Found a staircase to the Ecumenical Temple.
  3713 | D:4      | Reached XP level 7. HP: 50/52 MP: 9/9
  4161 | D:5      | Entered Level 5 of the Dungeon
  4594 | D:5      | Noticed Ijyb
  4601 | D:5      | Killed Ijyb
  4759 | D:5      | Identified the +5 hand axe "Vompefuu" {protect, Int+3}
  4868 | D:5      | Reached skill level 5 in Shapeshifting
  4868 | D:5      | Reached XP level 8. HP: 59/59 MP: 10/10
  5426 | D:6      | Reached skill level 5 in Long Blades
  5441 | D:6      | Reached skill level 1 in Shields
  5448 | D:6      | HP: 1/59 [ice beast (10)]
  5450 | D:6      | Mangled by an ice beast

Illustrated notes

Levels and vault maps discovered:
D:1:      mrwooster_arrival_statue_3, layout_loops_ring,
          shapermc_ecumenical_altar_flowoftime, hangedman_decor_opposing,
          minmay_stone_trees_medium
D:2:      layout_rooms, minmay_pentomino_x2, uniq_robin, uniq_terence
D:3:      minmay_razor_zed, layout_basic, gammafunk_temple_overflow_elements
D:4:      cheibrodos_pilgrimage, layout_loops_ring,
          nicolae_hepliaklqana_hippocampus, grunt_temple_overflow_diamond,
          minmay_temple_entry_large_hall
D:5:      layout_loops_ring, kennysheep_windowed_goal, uniq_ijyb
D:6:      layout_basic, minmay_diced_spiral

Skill      XL: |  1  2  3  4  5  6  7  8 |
---------------+-------------------------+-----
Shapeshifting  | 3 4 5 |  5.3
Unarmed Combat | 3 4 |  4.7
Fighting       | 1 |  1.0
Dodging        | 2 |  2.9
Armour         | 1 2 3 |  3.4
Long Blades    | 1 3 4 5 |  5.4
Shields        | 1 |  1.4

Action                     |  1- 3 |  4- 6 |  7- 9 || total
---------------------------+-------+-------+-------++-------
  Melee: Unarmed           |   158 |    74 |       ||   232
         Punch             |     4 |     5 |       ||     9
         Falchion          |       |   121 |   116 ||   237
    Use: Scroll            |     2 |     4 |     9 ||    15
         Potion            |     2 |       |     1 ||     3
   Stab: Sleeping          |     2 |       |       ||     2
 Armour: Animal skin       |    13 |       |       ||    13
         Ring mail         |    42 |     1 |       ||    43
         Skin              |    21 |    31 |       ||    52
         Chain mail        |       |    92 |    71 ||   163
  Dodge: Dodged            |    93 |   131 |    60 ||   284
  Block: Tower shield      |       |       |    65 ||    65

Table legend: (Time is in decaauts)
 A = Elapsed time spent in this place.
 B = Non-inter-level travel time spent in this place.
 C = Inter-level travel time spent in this place.
 D = Time resting spent in this place.
 E = Time spent auto-exploring this place.
 F = Levels seen in this place.
 G = Mean time per level.
                   A        B        C        D        E       F      G
               +--------+--------+--------+--------+--------+-----+--------+
         Total |   5498 |   5252 |    246 |    260 |   3893 |   6 |  916.3 |
       Dungeon |   5498 |   5252 |    246 |    260 |   3893 |   6 |  916.3 |
               +--------+--------+--------+--------+--------+-----+--------+

Top non-repeatable levels by time:
     D:3: 1421 daAuts
     D:5: 1183 daAuts
     D:1: 1054 daAuts
     D:4: 971 daAuts
     D:2: 727 daAuts
     D:6: 140 daAuts
